Maple Leafs vs Penguins

Created - 20 février 2024 at 20:02

Goals
1 2 3 T
Maple Leafs 0 0 2 2
Penguins 0 1 2 3
Shots
1 2 3 T
Maple Leafs 4 10 19 33
Penguins 5 19 17 41

GoalsPenalties
1st period
No Goal
Cale Makar (PIT) for Tripping (Minor) at 3:08
2nd period
1. Penguins , T.J. Oshie 13 (Matt Nieto 3, Jack Campbell) at 16:27
J.T. Miller (PIT) for Fighting (Major) at 8:14
Mikhail Sergachev (TOR) for Fighting (Major) at 8:14
3rd period
2. Maple Leafs , Nikolaj Ehlers 20 (Andrei Svechnikov 31, Connor Bedard 15) at 5:52 (PP)
3. Penguins , Charlie Coyle 16 (J.T. Miller 22, Tyler Myers 12) at 10:53
4. Maple Leafs , Connor Bedard 15 (Andrei Svechnikov 32, Pyotr Kochetkov) at 15:34 (PP)
5. Penguins , Stefan Noesen 8 (Tyler Myers 13, Mikael Granlund 23) at 16:29
T.J. Oshie (PIT) for Holding (Minor) at 5:40
Lawson Crouse (PIT) for Hooking (Minor) at 12:39
J.T. Miller (PIT) for Interference (Minor) at 15:19
Goalie Stats
Pyotr Kochetkov (TOR), 38 saves from 41 shots - (0,927), L, 16-12-4, 58:35 minutes
Jack Campbell (PIT), 31 saves from 33 shots - (0,939), W, 8-14-1, 60:00 minutes
3 StarsOfficial
1 - Stefan Noesen (PIT)
2 - T.J. Oshie (PIT)
3 - Tyler Myers (PIT)
Referees : Chris Schlenker and Ryan Hersey
Linesman : Stephen Drain and Jaime Alary
Game Note
J.T. Miller beats up Mikhail Sergachev at 8:14 of 2nd period
Finance
Level 1 -- Attendance: 5555 (92,58%) -- Ticket Income $472,175
Level 2 -- Attendance: 4691 (93,82%) -- Ticket Income $281,460
Level 3 -- Attendance: 1996 (99,80%) -- Ticket Income $69,860
Level 4 -- Attendance: 3719 (92,98%) -- Ticket Income $74,380
Luxury Box -- Attendance: 917 (91,70%) -- Ticket Income $165,060
Game was played at the Consol Energy Center.
Total Attendance: 16878 (93,77%)
Total Ticket Income: $1,062,935
Other Income: $520,838
Total Income: $1,583,773



Team Name Goals Shots Shots Attemp Shots Blocked PIM HIT PP PK FO%
Maple Leafs 23369115162 / 4 (50%)049%
Penguins 341791213210 / 0 (0,00%251%

Maple Leafs
Player Name POS G A P +/- PIM HIT SHT SB MP PP MP PP SHT PK MP PK SHT FO% FOT GA TA
Alex IafalloC/LW0000023017:020:2800:0000% 100
Alexander RomanovD000-1022222:291:4200:0000% 001
Andrei SvechnikovLW/RW022-1036120:311:3810:00050% 220
Ben HuttonD000-2000315:160:0000:0000% 000
Braden SchneiderD000-2020014:520:0500:0000% 000
Cam FowlerD000-1021021:401:4700:0000% 000
Connor BedardC112-1005020:141:3810:00060% 2500
Eric StaalC/LW000-2001112:200:0000:000100% 210
Hampus LindholmD0000002022:392:3800:0000% 001
Jesper BrattLW/RW0000015019:082:1900:0000% 020
Jonas RondbjergLW/RW000001109:040:0000:0000% 100
Kaapo KakkoRW000-2000014:232:1900:00050% 200
Linus KarlssonC000-2011112:200:0000:00045% 1101
Mattias JanmarkC/LW/RW000000009:300:4100:0000% 001
Michael McCarronC/RW000000109:220:1800:0000% 210
Mikhail SergachevD0000501222:042:3800:0000% 001
Nikolaj EhlersRW101-1012019:111:3510:0000% 130
Ryan JohansenC/RW0000012117:542:1910:00044% 1801
Penguins
Player Name POS G A P +/- PIM HIT SHT SB MP PP MP PP SHT PK MP PK SHT FO% FOT GA TA
Cale MakarD0000216120:520:0001:3710% 011
Chad RuhwedelD0002002016:280:0000:2200% 001
Charlie CoyleC/LW/RW1011015121:110:0001:0000% 010
Curtis LazarC/RW0001011121:150:0000:360100% 200
Derek RyanC000001106:360:0000:0000% 000
Dmitry OrlovD0000031021:470:0002:3200% 002
Ethan BearD0001023122:240:0002:1000% 001
J.T. MillerC/LW/RW0111712117:200:0000:00052% 2500
Jack RoslovicC/RW0000015318:160:0000:00050% 200
Lawson CrouseLW/RW0000231118:240:0000:4800% 010
Matt NietoLW/RW011000106:360:0000:000100% 111
Matthew BeniersC0000022017:360:0000:00055% 1101
Mikael GranlundC/LW/RW0112004017:060:0002:49038% 810
Ryan MurrayD0002002016:220:0000:1600% 000
Stefan NoesenLW/RW1012011012:180:0001:0100% 100
T.J. OshieC/LW/RW1012232118:520:0002:36047% 1511
Troy StecherD000000000:160:0000:1600% 000
Tyler MyersD0221012221:510:0001:3700% 001

Maple Leafs

5 vs 5 Forward
Line #Left WingCenterRight WingPHYDFOFWanted %Time %Time Play
1Andrei SvechnikovConnor BedardNikolaj Ehlers0413432%17:22
2Alex IafalloRyan JohansenJesper Bratt0413129%15:35
3Eric StaalLinus KarlssonKaapo Kakko0502523%12:20
4Jonas RondbjergMichael McCarronMattias Janmark0501017%9:04
5 vs 5 Defense
Line #DefenseDefensePHYDFOFWanted %Time %Time Play
1Hampus LindholmMikhail Sergachev0413637%20:01
2Alexander RomanovCam Fowler0413635%19:04
3Braden SchneiderBen Hutton0412828%15:16
4Hampus LindholmMikhail Sergachev04100%0:00
Power Play Forward
Line #Left WingCenterRight WingPHYDFOFWanted %Time %Time Play
1Andrei SvechnikovConnor BedardNikolaj Ehlers0145048%2:06
2Jesper BrattRyan JohansenKaapo Kakko0145052%2:19
Power Play Defense
Line #DefenseDefensePHYDFOFWanted %Time %Time Play
1Hampus LindholmMikhail Sergachev0146060%2:38
2Alexander RomanovCam Fowler0144040%1:47
Penalty Kill 4 Players Forward
Line #CenterWingPHYDFOFWanted %Time %Time Play
1Ryan JohansenJonas Rondbjerg050600%0:00
2Eric StaalMattias Janmark050400%0:00
Penalty Kill 4 Players Defense
Line #DefenseDefensePHYDFOFWanted %Time %Time Play
1Cam FowlerAlexander Romanov050600%0:00
2Hampus LindholmMikhail Sergachev050400%0:00
Penalty Kill 3 Players
Line #WingPHYDFOFWanted %Time %Time PlayDefenseDefensePHYDFOFWanted %Time %Time Play
1Ryan Johansen050600%0:00 Alexander RomanovCam Fowler050600%0:00
2Eric Staal050400%0:00 Hampus LindholmMikhail Sergachev050400%0:00
4 vs 4 Forward
Line #CenterWingPHYDFOFWanted %Time %Time Play
1Ryan JohansenKaapo Kakko050600%0:00
2Linus KarlssonJesper Bratt050400%0:00
4 vs 4 Defense
Line #DefensePHYDFOFWanted %Time %Time Play
1Mikhail SergachevHampus Lindholm050600%0:00
2Alexander RomanovCam Fowler050400%0:00
Last Minutes Offensive
Left WingCenterRight WingDefenseDefense
Andrei SvechnikovConnor BedardJesper BrattMikhail SergachevAlex Iafallo
Last Minutes Defensive
Left WingCenterRight WingDefenseDefense
Jonas RondbjergRyan JohansenEric StaalHampus LindholmMikhail Sergachev
Time
Total ForwardTotal DefenseLast Minutes OffensiveLast Minutes Defensive
60:00 60:00 1:140:00
Extra Forwards
Normal PowerPlayPenalty Kill
Ryan Johansen, Andrei Svechnikov, Jesper BrattAndrei Svechnikov, Jesper BrattRyan Johansen
Extra Defensemen
Normal PowerPlayPenalty Kill
Mikhail Sergachev, Cam Fowler, Alexander RomanovMikhail Sergachev, Alexander RomanovHampus Lindholm
Penalty Shots
Ryan Johansen, Andrei Svechnikov, Connor Bedard, Kaapo Kakko, Cam Fowler
Goalie
Pyotr Kochetkov, Jordan Binnington
Custom OT Lines Forwards
Andrei Svechnikov, Connor Bedard, Nikolaj Ehlers, Jesper Bratt, Alex Iafallo, Kaapo Kakko, Ryan Johansen, Eric Staal, Jonas Rondbjerg, Mattias Janmark
Custom OT Lines Defensemen
Mikhail Sergachev, Hampus Lindholm, Cam Fowler, Alexander Romanov, Braden Schneider
Scratches
Travis Dermott (Healthy), Timothy Liljegren (Healthy)

Penguins

5 vs 5 Forward
Line #Left WingCenterRight WingPHYDFOFWanted %Time %Time Play
1Curtis LazarJ.T. MillerCharlie Coyle0143534%18:42
2Lawson CrouseMatthew BeniersJack Roslovic1223233%17:46
3Mikael GranlundT.J. OshieStefan Noesen1222121%11:16
4Matt NietoT.J. OshieDerek Ryan1311212%6:36
5 vs 5 Defense
Line #DefenseDefensePHYDFOFWanted %Time %Time Play
1Cale MakarDmitry Orlov1223534%18:37
2Tyler MyersEthan Bear1223536%19:37
3Chad RuhwedelRyan Murray1222020%11:02
4Chad RuhwedelRyan Murray140109%5:04
Power Play Forward
Line #Left WingCenterRight WingPHYDFOFWanted %Time %Time Play
1T.J. OshieMikael GranlundCharlie Coyle113600%0:00
2Lawson CrouseMatthew BeniersJack Roslovic113400%0:00
Power Play Defense
Line #DefenseDefensePHYDFOFWanted %Time %Time Play
1Chad RuhwedelDmitry Orlov122600%0:00
2Tyler MyersEthan Bear122400%0:00
Penalty Kill 4 Players Forward
Line #CenterWingPHYDFOFWanted %Time %Time Play
1Mikael GranlundT.J. Oshie1226077%3:25
2Charlie CoyleLawson Crouse1224023%1:00
Penalty Kill 4 Players Defense
Line #DefenseDefensePHYDFOFWanted %Time %Time Play
1Cale MakarDmitry Orlov1226063%2:48
2Tyler MyersEthan Bear1224037%1:37
Penalty Kill 3 Players
Line #WingPHYDFOFWanted %Time %Time PlayDefenseDefensePHYDFOFWanted %Time %Time Play
1Lawson Crouse122600%0:00 Ryan MurrayDmitry Orlov122600%0:00
2Charlie Coyle122400%0:00 Tyler MyersEthan Bear122400%0:00
4 vs 4 Forward
Line #CenterWingPHYDFOFWanted %Time %Time Play
1Charlie CoyleMikael Granlund122600%0:00
2Matthew BeniersLawson Crouse122400%0:00
4 vs 4 Defense
Line #DefensePHYDFOFWanted %Time %Time Play
1Chad RuhwedelDmitry Orlov122600%0:00
2Tyler MyersEthan Bear122400%0:00
Last Minutes Offensive
Left WingCenterRight WingDefenseDefense
Curtis LazarJ.T. MillerCharlie CoyleCale MakarDmitry Orlov
Last Minutes Defensive
Left WingCenterRight WingDefenseDefense
Curtis LazarJ.T. MillerCharlie CoyleCale MakarDmitry Orlov
Time
Total ForwardTotal DefenseLast Minutes OffensiveLast Minutes Defensive
60:00 60:00 0:001:15
Extra Forwards
Normal PowerPlayPenalty Kill
Mikael Granlund, T.J. Oshie, Jack RoslovicMikael Granlund, T.J. OshieMikael Granlund
Extra Defensemen
Normal PowerPlayPenalty Kill
Ethan Bear, Chad Ruhwedel, Ryan MurrayEthan Bear, Ethan BearChad Ruhwedel
Penalty Shots
J.T. Miller, T.J. Oshie, Charlie Coyle, Lawson Crouse, Mikael Granlund
Goalie
Jack Campbell, Spencer Knight
Custom OT Lines Forwards
Curtis Lazar, J.T. Miller, Charlie Coyle, Lawson Crouse, Mikael Granlund, T.J. Oshie, Jack Roslovic, Matthew Beniers, Stefan Noesen, Matt Nieto
Custom OT Lines Defensemen
Cale Makar, Dmitry Orlov, Tyler Myers, Ethan Bear, Chad Ruhwedel
Scratches
Auston Matthews (Healthy)


Play-by-Play

1st period


0:01 of 1st period - Connor Bedard wins face-off versus J.T. Miller in neutral zone.
0:06 of 1st period - Snap shot by Andrei Svechnikov.
0:06 of 1st period - Stopped by Jack Campbell with a rebound.
0:58 of 1st period - Snap shot by Mikhail Sergachev.
0:58 of 1st period - Shot Misses the Net.
1:32 of 1st period - Wrist shot by J.T. Miller.
1:32 of 1st period - Shot Misses the Net.
1:40 of 1st period - Wrist shot by J.T. Miller.
1:40 of 1st period - Shot Blocked by Andrei Svechnikov.
2:18 of 1st period - Slapshot by Connor Bedard.
2:18 of 1st period - Stopped by Jack Campbell with a rebound.
2:55 of 1st period - Snap shot by Jack Roslovic.
2:55 of 1st period - Stopped by Pyotr Kochetkov with a rebound.
2:57 of 1st period - Wrist shot by Matthew Beniers.
2:57 of 1st period - Shot Misses the Net.
2:59 of 1st period - Slapshot by Ryan Murray.
2:59 of 1st period - Deflect By Matthew Beniers.
2:59 of 1st period - Shot Misses the Net.
2:59 of 1st period - Puck is out of play.
3:00 of 1st period - Ryan Johansen wins face-off versus J.T. Miller in Maple Leafs zone.
3:08 of 1st period - Minor Penalty to Cale Makar for Tripping.
3:09 of 1st period - Mikael Granlund wins face-off versus Ryan Johansen in Penguins zone.
3:22 of 1st period - Snap shot by Ryan Johansen.
3:22 of 1st period - Shot Misses the Net.
3:24 of 1st period - Slapshot by Mikhail Sergachev.
3:24 of 1st period - Shot Misses the Net.
5:08 of 1st period - Penalty to Cale Makar is over, Cale Makar is back on ice.
6:28 of 1st period - Mikhail Sergachev is hit by Derek Ryan and loses puck.
7:21 of 1st period - Cam Fowler is hit by Stefan Noesen and loses puck.
7:34 of 1st period - Nikolaj Ehlers is hit by Lawson Crouse.
8:18 of 1st period - Alexander Romanov is hit by Curtis Lazar and loses puck.
10:07 of 1st period - Ethan Bear is hit by Braden Schneider and loses puck.
10:20 of 1st period - Kaapo Kakko is hit by Dmitry Orlov and loses puck.
10:45 of 1st period - Mikael Granlund is hit by Alex Iafallo and loses puck.
12:12 of 1st period - Off-side.
12:13 of 1st period - Jack Roslovic wins face-off versus Connor Bedard in neutral zone.
12:20 of 1st period - Wrist shot by Mikael Granlund.
12:20 of 1st period - Stopped by Pyotr Kochetkov with a rebound.
12:22 of 1st period - Slapshot by Dmitry Orlov.
12:22 of 1st period - Deflect By Jack Roslovic.
12:22 of 1st period - Shot Hit the Post.
12:22 of 1st period - Puck is out of play.
12:23 of 1st period - Connor Bedard wins face-off versus J.T. Miller in Maple Leafs zone.
13:00 of 1st period - Hampus Lindholm is hit by T.J. Oshie and loses puck.
13:13 of 1st period - Snap shot by Jack Roslovic.
13:13 of 1st period - Shot Misses the Net.
13:32 of 1st period - Michael McCarron is hit by Ethan Bear and loses puck.
14:52 of 1st period - Ben Hutton is hit by Dmitry Orlov and loses puck.
14:59 of 1st period - Wrist shot by J.T. Miller.
14:59 of 1st period - Shot Misses the Net.
15:01 of 1st period - Wrist shot by Curtis Lazar.
15:01 of 1st period - Shot Hit the Post.
15:03 of 1st period - Slapshot by Cale Makar.
15:03 of 1st period - Stopped by Pyotr Kochetkov with a rebound.
15:36 of 1st period - Slapshot by Michael McCarron.
15:36 of 1st period - Shot Misses the Net.
16:13 of 1st period - Jack Roslovic is hit by Jonas Rondbjerg and loses puck.
16:30 of 1st period - Snap shot by Jack Roslovic.
16:30 of 1st period - Stopped by Pyotr Kochetkov with a rebound.
16:40 of 1st period - Wrist shot by Michael McCarron.
16:40 of 1st period - Shot Blocked by Jack Roslovic.
16:42 of 1st period - Slapshot by Ben Hutton.
16:42 of 1st period - Shot Blocked by Tyler Myers.
16:44 of 1st period - Slapshot by Ben Hutton.
16:44 of 1st period - Shot Blocked by Lawson Crouse.
16:46 of 1st period - Wrist shot by Jonas Rondbjerg.
16:46 of 1st period - Stopped by Jack Campbell with a rebound.
16:50 of 1st period - Slapshot by Jonas Rondbjerg.
16:50 of 1st period - Shot Misses the Net.
16:52 of 1st period - Wrist shot by Michael McCarron.
16:52 of 1st period - Shot Blocked by Jack Roslovic.
17:10 of 1st period - Wrist shot by Jack Roslovic.
17:10 of 1st period - Stopped by Pyotr Kochetkov with a rebound.
17:28 of 1st period - Wrist shot by Mattias Janmark.
17:28 of 1st period - Shot Misses the Net.
17:30 of 1st period - Wrist shot by Braden Schneider.
17:30 of 1st period - Shot Blocked by Jack Roslovic.
17:32 of 1st period - Snap shot by Michael McCarron.
17:32 of 1st period - Stopped by Jack Campbell with a rebound.
17:44 of 1st period - Snap shot by Michael McCarron.
17:44 of 1st period - Deflect By Mattias Janmark.
17:44 of 1st period - Shot Blocked by Tyler Myers.
17:44 of 1st period - Puck is out of play.
17:45 of 1st period - J.T. Miller wins face-off versus Ryan Johansen in Penguins zone.
18:10 of 1st period - Alex Iafallo is hit by Dmitry Orlov.
19:43 of 1st period - Icing by T.J. Oshie.
19:44 of 1st period - Kaapo Kakko wins face-off versus T.J. Oshie in Penguins zone.
Goals for this period are 0 for Maple Leafs vs 0 for Penguins.
Shots for this period are 4 for Maple Leafs vs 5 for Penguins.

2nd period


0:01 of 2nd period - Ryan Johansen wins face-off versus J.T. Miller in neutral zone.
0:16 of 2nd period - Slapshot by Charlie Coyle.
0:16 of 2nd period - Stopped by Pyotr Kochetkov with a rebound.
0:26 of 2nd period - Alex Iafallo is hit by Lawson Crouse.
0:47 of 2nd period - Icing by Stefan Noesen.
0:48 of 2nd period - T.J. Oshie wins face-off versus Connor Bedard in Penguins zone.
0:48 of 2nd period - T.J. Oshie is hit by Alexander Romanov.
1:38 of 2nd period - Off-side.
1:39 of 2nd period - Matthew Beniers wins face-off versus Michael McCarron in neutral zone.
1:42 of 2nd period - Jonas Rondbjerg is hit by Matthew Beniers and loses puck.
2:07 of 2nd period - Snap shot by Jack Roslovic.
2:07 of 2nd period - Stopped by Pyotr Kochetkov with a rebound.
2:09 of 2nd period - Wrist shot by Ryan Murray.
2:09 of 2nd period - Shot Misses the Net.
2:11 of 2nd period - Snap shot by Ryan Murray.
2:11 of 2nd period - Stopped by Pyotr Kochetkov without a rebound.
2:12 of 2nd period - J.T. Miller wins face-off versus Ryan Johansen in Maple Leafs zone.
2:23 of 2nd period - Wrist shot by Charlie Coyle.
2:23 of 2nd period - Stopped by Pyotr Kochetkov with a rebound.
2:25 of 2nd period - Slapshot by Charlie Coyle.
2:25 of 2nd period - Shot Hit the Post.
2:27 of 2nd period - Slapshot by J.T. Miller.
2:27 of 2nd period - Shot Misses the Net.
2:44 of 2nd period - Backhand shot by Connor Bedard.
2:44 of 2nd period - Shot Misses the Net.
2:48 of 2nd period - Wrist shot by Nikolaj Ehlers.
2:48 of 2nd period - Shot Misses the Net.
3:21 of 2nd period - Off-side.
3:22 of 2nd period - Ryan Johansen wins face-off versus J.T. Miller in neutral zone.
3:27 of 2nd period - Snap shot by Alex Iafallo.
3:27 of 2nd period - Shot Blocked by Charlie Coyle.
3:49 of 2nd period - Snap shot by Jack Roslovic.
3:49 of 2nd period - Stopped by Pyotr Kochetkov without a rebound.
3:50 of 2nd period - Matthew Beniers wins face-off versus Nikolaj Ehlers in Maple Leafs zone.
3:51 of 2nd period - Snap shot by Jack Roslovic.
3:51 of 2nd period - Shot Misses the Net.
3:59 of 2nd period - Wrist shot by Connor Bedard.
3:59 of 2nd period - Stopped by Jack Campbell with a rebound.
4:01 of 2nd period - Snap shot by Alexander Romanov.
4:01 of 2nd period - Stopped by Jack Campbell without a rebound.
4:02 of 2nd period - Connor Bedard wins face-off versus J.T. Miller in Penguins zone.
4:15 of 2nd period - Snap shot by Connor Bedard.
4:15 of 2nd period - Shot Misses the Net.
4:27 of 2nd period - Charlie Coyle is hit by Alexander Romanov and loses puck.
5:11 of 2nd period - Wrist shot by Jesper Bratt.
5:11 of 2nd period - Stopped by Jack Campbell without a rebound.
5:12 of 2nd period - Connor Bedard wins face-off versus Matthew Beniers in Penguins zone.
5:39 of 2nd period - Stefan Noesen is hit by Cam Fowler.
5:54 of 2nd period - Icing by Linus Karlsson.
5:55 of 2nd period - J.T. Miller wins face-off versus Kaapo Kakko in Maple Leafs zone.
6:00 of 2nd period - Snap shot by J.T. Miller.
6:00 of 2nd period - Stopped by Pyotr Kochetkov with a rebound.
6:02 of 2nd period - Slapshot by Chad Ruhwedel.
6:02 of 2nd period - Stopped by Pyotr Kochetkov with a rebound.
6:04 of 2nd period - Backhand shot by Chad Ruhwedel.
6:04 of 2nd period - Shot Blocked by Ben Hutton.
6:06 of 2nd period - Snap shot by Curtis Lazar.
6:06 of 2nd period - Stopped by Pyotr Kochetkov with a rebound.
6:17 of 2nd period - Icing by Ben Hutton.
6:18 of 2nd period - Linus Karlsson wins face-off versus T.J. Oshie in Maple Leafs zone.
6:18 of 2nd period - Linus Karlsson is hit by T.J. Oshie.
6:48 of 2nd period - Snap shot by Charlie Coyle.
6:48 of 2nd period - Shot Blocked by Mikhail Sergachev.
6:50 of 2nd period - Slapshot by Tyler Myers.
6:50 of 2nd period - Shot Misses the Net.
6:52 of 2nd period - Wrist shot by Charlie Coyle.
6:52 of 2nd period - Shot Misses the Net.
6:54 of 2nd period - Slapshot by Tyler Myers.
6:54 of 2nd period - Stopped by Pyotr Kochetkov without a rebound.
6:55 of 2nd period - J.T. Miller wins face-off versus Ryan Johansen in Maple Leafs zone.
6:58 of 2nd period - Wrist shot by J.T. Miller.
6:58 of 2nd period - Shot Blocked by Alexander Romanov.
7:10 of 2nd period - Wrist shot by Jesper Bratt.
7:10 of 2nd period - Deflect By Alex Iafallo.
7:10 of 2nd period - Stopped by Jack Campbell without a rebound.
7:11 of 2nd period - Connor Bedard wins face-off versus Jack Roslovic in Penguins zone.
7:20 of 2nd period - Snap shot by Lawson Crouse.
7:20 of 2nd period - Shot Misses the Net.
7:22 of 2nd period - Slapshot by Matthew Beniers.
7:22 of 2nd period - Stopped by Pyotr Kochetkov with a rebound.
7:24 of 2nd period - Wrist shot by Matthew Beniers.
7:24 of 2nd period - Shot Blocked by Mikhail Sergachev.
7:26 of 2nd period - Slapshot by Chad Ruhwedel.
7:26 of 2nd period - Stopped by Pyotr Kochetkov without a rebound.
7:27 of 2nd period - Ryan Johansen wins face-off versus J.T. Miller in Maple Leafs zone.
7:37 of 2nd period - Icing by Alex Iafallo.
7:38 of 2nd period - Ryan Johansen wins face-off versus J.T. Miller in Maple Leafs zone.
7:57 of 2nd period - Wrist shot by Jesper Bratt.
7:57 of 2nd period - Shot Blocked by J.T. Miller.
7:59 of 2nd period - Snap shot by Alex Iafallo.
7:59 of 2nd period - Stopped by Jack Campbell without a rebound.
8:00 of 2nd period - Connor Bedard wins face-off versus Stefan Noesen in Penguins zone.
8:11 of 2nd period - Wrist shot by Cale Makar.
8:11 of 2nd period - Stopped by Pyotr Kochetkov without a rebound.
8:12 of 2nd period - Connor Bedard wins face-off versus J.T. Miller in Maple Leafs zone.
8:14 of 2nd period - J.T. Miller beats up Mikhail Sergachev.
8:14 of 2nd period - Penalty to J.T. Miller for Fighting.
8:14 of 2nd period - Penalty to Mikhail Sergachev for Fighting.
8:15 of 2nd period - Connor Bedard wins face-off versus Mikael Granlund in Maple Leafs zone.
8:28 of 2nd period - Wrist shot by Charlie Coyle.
8:28 of 2nd period - Stopped by Pyotr Kochetkov with a rebound.
8:30 of 2nd period - Wrist shot by Ethan Bear.
8:30 of 2nd period - Stopped by Pyotr Kochetkov without a rebound.
8:31 of 2nd period - Ryan Johansen wins face-off versus Matthew Beniers in Maple Leafs zone.
8:56 of 2nd period - Cale Makar is hit by Andrei Svechnikov and loses puck.
9:23 of 2nd period - Snap shot by Matt Nieto.
9:23 of 2nd period - Shot Misses the Net.
9:25 of 2nd period - Slapshot by Ethan Bear.
9:25 of 2nd period - Deflect By T.J. Oshie.
9:25 of 2nd period - Stopped by Pyotr Kochetkov without a rebound.
9:26 of 2nd period - Connor Bedard wins face-off versus Mikael Granlund in Maple Leafs zone.
10:28 of 2nd period - Wrist shot by Mikael Granlund.
10:28 of 2nd period - Stopped by Pyotr Kochetkov with a rebound.
10:32 of 2nd period - Slapshot by Mikael Granlund.
10:32 of 2nd period - Shot Blocked by Ben Hutton.
10:58 of 2nd period - Wrist shot by Jesper Bratt.
10:58 of 2nd period - Stopped by Jack Campbell with a rebound.
11:14 of 2nd period - Chad Ruhwedel is hit by Braden Schneider and loses puck.
11:24 of 2nd period - Icing by Ben Hutton.
11:25 of 2nd period - Matthew Beniers wins face-off versus Ryan Johansen in Maple Leafs zone.
11:42 of 2nd period - Jack Roslovic is hit by Jesper Bratt and loses puck.
12:13 of 2nd period - Snap shot by Jesper Bratt.
12:13 of 2nd period - Stopped by Jack Campbell without a rebound.
12:14 of 2nd period - Connor Bedard wins face-off versus T.J. Oshie in Penguins zone.
12:31 of 2nd period - Off-side.
12:32 of 2nd period - Matt Nieto wins face-off versus Linus Karlsson in neutral zone.
13:01 of 2nd period - Slapshot by Andrei Svechnikov.
13:01 of 2nd period - Stopped by Jack Campbell without a rebound.
13:02 of 2nd period - Andrei Svechnikov wins face-off versus T.J. Oshie in Penguins zone.
13:34 of 2nd period - Slapshot by Nikolaj Ehlers.
13:34 of 2nd period - Stopped by Jack Campbell with a rebound.
13:36 of 2nd period - Slapshot by Hampus Lindholm.
13:36 of 2nd period - Shot Misses the Net.
13:47 of 2nd period - Icing by Cam Fowler.
13:48 of 2nd period - T.J. Oshie wins face-off versus Connor Bedard in Maple Leafs zone.
14:53 of 2nd period - Tyler Myers is hit by Andrei Svechnikov and loses puck.
15:20 of 2nd period - Snap shot by Connor Bedard.
15:20 of 2nd period - Stopped by Jack Campbell without a rebound.
15:21 of 2nd period - Linus Karlsson wins face-off versus Mikael Granlund in Penguins zone.
15:22 of 2nd period - Wrist shot by Eric Staal.
15:22 of 2nd period - Shot Misses the Net.
15:28 of 2nd period - Eric Staal is hit by Cale Makar and loses puck.
15:47 of 2nd period - Mikhail Sergachev is hit by Lawson Crouse.
16:07 of 2nd period - Backhand shot by Lawson Crouse.
16:07 of 2nd period - Stopped by Pyotr Kochetkov with a rebound.
16:15 of 2nd period - Snap shot by Mattias Janmark.
16:15 of 2nd period - Shot Misses the Net.
16:27 of 2nd period - Snap shot by T.J. Oshie.
16:27 of 2nd period - Goal by T.J. Oshie - Maple Leafs : 0 - Penguins : 1.
16:28 of 2nd period - Linus Karlsson wins face-off versus Matthew Beniers in neutral zone.
16:37 of 2nd period - Kaapo Kakko is hit by Jack Roslovic and loses puck.
16:44 of 2nd period - Slapshot by Cale Makar.
16:44 of 2nd period - Deflect By Matthew Beniers.
16:44 of 2nd period - Stopped by Pyotr Kochetkov without a rebound.
16:45 of 2nd period - T.J. Oshie wins face-off versus Ryan Johansen in Maple Leafs zone.
18:33 of 2nd period - Ryan Murray is hit by Linus Karlsson and loses puck.
19:18 of 2nd period - Mikael Granlund is hit by Nikolaj Ehlers and loses puck.
19:58 of 2nd period - Slapshot by Mikhail Sergachev.
19:58 of 2nd period - Shot Misses the Net.
Goals for this period are 0 for Maple Leafs vs 1 for Penguins.
Shots for this period are 10 for Maple Leafs vs 19 for Penguins.

3rd period


0:01 of 3rd period - J.T. Miller wins face-off versus Linus Karlsson in neutral zone.
0:25 of 3rd period - T.J. Oshie is hit by Andrei Svechnikov.
0:59 of 3rd period - Snap shot by Andrei Svechnikov.
0:59 of 3rd period - Stopped by Jack Campbell with a rebound.
1:01 of 3rd period - Wrist shot by Andrei Svechnikov.
1:01 of 3rd period - Shot Misses the Net.
1:28 of 3rd period - Slapshot by Mikhail Sergachev.
1:28 of 3rd period - Shot Blocked by Cale Makar.
1:30 of 3rd period - Slapshot by Mikhail Sergachev.
1:30 of 3rd period - Stopped by Jack Campbell without a rebound.
1:31 of 3rd period - Ryan Johansen wins face-off versus J.T. Miller in Penguins zone.
1:36 of 3rd period - Slapshot by Ryan Johansen.
1:36 of 3rd period - Shot Misses the Net.
1:46 of 3rd period - Wrist shot by Ryan Johansen.
1:46 of 3rd period - Stopped by Jack Campbell without a rebound.
1:47 of 3rd period - Eric Staal wins face-off versus T.J. Oshie in Penguins zone.
1:54 of 3rd period - Slapshot by Cam Fowler.
1:54 of 3rd period - Deflect By Kaapo Kakko.
1:54 of 3rd period - Shot Misses the Net.
1:54 of 3rd period - Puck is out of play.
1:55 of 3rd period - Eric Staal wins face-off versus T.J. Oshie in Penguins zone.
2:13 of 3rd period - Snap shot by Eric Staal.
2:13 of 3rd period - Stopped by Jack Campbell without a rebound.
2:14 of 3rd period - J.T. Miller wins face-off versus Ryan Johansen in Penguins zone.
2:23 of 3rd period - Slapshot by Charlie Coyle.
2:23 of 3rd period - Stopped by Pyotr Kochetkov without a rebound.
2:24 of 3rd period - J.T. Miller wins face-off versus Ryan Johansen in Maple Leafs zone.
2:55 of 3rd period - Slapshot by Alex Iafallo.
2:55 of 3rd period - Deflect By J.T. Miller.
2:55 of 3rd period - Shot Hit the Post.
2:55 of 3rd period - Puck is out of play.
2:56 of 3rd period - Linus Karlsson wins face-off versus T.J. Oshie in Penguins zone.
3:21 of 3rd period - Connor Bedard is hit by Matthew Beniers and loses puck.
4:20 of 3rd period - Snap shot by Matthew Beniers.
4:20 of 3rd period - Shot Misses the Net.
4:22 of 3rd period - Slapshot by Dmitry Orlov.
4:22 of 3rd period - Deflect By Kaapo Kakko.
4:22 of 3rd period - Stopped by Pyotr Kochetkov with a rebound.
4:24 of 3rd period - Slapshot by Cale Makar.
4:24 of 3rd period - Stopped by Pyotr Kochetkov without a rebound.
4:25 of 3rd period - Connor Bedard wins face-off versus Matthew Beniers in Maple Leafs zone.
4:58 of 3rd period - Off-side.
4:59 of 3rd period - T.J. Oshie wins face-off versus Linus Karlsson in neutral zone.
5:11 of 3rd period - Snap shot by Mikael Granlund.
5:11 of 3rd period - Stopped by Pyotr Kochetkov without a rebound.
5:12 of 3rd period - Curtis Lazar wins face-off versus Connor Bedard in Maple Leafs zone.
5:17 of 3rd period - Snap shot by J.T. Miller.
5:17 of 3rd period - Stopped by Pyotr Kochetkov with a rebound.
5:27 of 3rd period - Wrist shot by J.T. Miller.
5:27 of 3rd period - Shot Misses the Net.
5:40 of 3rd period - Minor Penalty to T.J. Oshie for Holding.
5:41 of 3rd period - Mikael Granlund wins face-off versus Connor Bedard in Penguins zone.
5:50 of 3rd period - Slapshot by Andrei Svechnikov.
5:50 of 3rd period - Shot Misses the Net.
5:52 of 3rd period - Wrist shot by Nikolaj Ehlers.
5:52 of 3rd period - Goal by Nikolaj Ehlers - Maple Leafs : 1 - Penguins : 1.
5:53 of 3rd period - Curtis Lazar wins face-off versus Linus Karlsson in neutral zone.
6:18 of 3rd period - T.J. Oshie is hit by Ryan Johansen and loses puck.
6:44 of 3rd period - Wrist shot by Mikael Granlund.
6:44 of 3rd period - Shot Misses the Net.
6:46 of 3rd period - Slapshot by Chad Ruhwedel.
6:46 of 3rd period - Shot Blocked by Ryan Johansen.
6:48 of 3rd period - Slapshot by Ryan Murray.
6:48 of 3rd period - Deflect By Mikael Granlund.
6:48 of 3rd period - Shot Blocked by Ben Hutton.
6:48 of 3rd period - Puck is out of play.
6:49 of 3rd period - Matthew Beniers wins face-off versus Andrei Svechnikov in Maple Leafs zone.
6:53 of 3rd period - Icing by Mikhail Sergachev.
6:54 of 3rd period - Connor Bedard wins face-off versus Matthew Beniers in Maple Leafs zone.
7:01 of 3rd period - Slapshot by Andrei Svechnikov.
7:01 of 3rd period - Stopped by Jack Campbell with a rebound.
7:09 of 3rd period - Slapshot by Andrei Svechnikov.
7:09 of 3rd period - Stopped by Jack Campbell with a rebound.
7:21 of 3rd period - Wrist shot by Charlie Coyle.
7:21 of 3rd period - Shot Blocked by Eric Staal.
7:23 of 3rd period - Slapshot by Ethan Bear.
7:23 of 3rd period - Stopped by Pyotr Kochetkov with a rebound.
7:25 of 3rd period - Snap shot by Ethan Bear.
7:25 of 3rd period - Shot Blocked by Linus Karlsson.
7:50 of 3rd period - Snap shot by Mikael Granlund.
7:50 of 3rd period - Shot Misses the Net.
8:22 of 3rd period - Slapshot by Cale Makar.
8:22 of 3rd period - Stopped by Pyotr Kochetkov with a rebound.
9:19 of 3rd period - Wrist shot by Chad Ruhwedel.
9:19 of 3rd period - Shot Misses the Net.
9:21 of 3rd period - Slapshot by Ryan Murray.
9:21 of 3rd period - Stopped by Pyotr Kochetkov without a rebound.
9:22 of 3rd period - T.J. Oshie wins face-off versus Jonas Rondbjerg in Maple Leafs zone.
9:23 of 3rd period - Wrist shot by Matt Nieto.
9:23 of 3rd period - Stopped by Pyotr Kochetkov without a rebound.
9:24 of 3rd period - T.J. Oshie wins face-off versus Connor Bedard in Maple Leafs zone.
9:41 of 3rd period - Snap shot by Matt Nieto.
9:41 of 3rd period - Shot Misses the Net.
9:43 of 3rd period - Snap shot by Derek Ryan.
9:43 of 3rd period - Stopped by Pyotr Kochetkov with a rebound.
9:45 of 3rd period - Snap shot by Derek Ryan.
9:45 of 3rd period - Shot Misses the Net.
9:47 of 3rd period - Slapshot by Tyler Myers.
9:47 of 3rd period - Stopped by Pyotr Kochetkov without a rebound.
9:48 of 3rd period - J.T. Miller wins face-off versus Ryan Johansen in Maple Leafs zone.
9:49 of 3rd period - Slapshot by Cale Makar.
9:49 of 3rd period - Deflect By Curtis Lazar.
9:49 of 3rd period - Shot Misses the Net.
9:49 of 3rd period - Puck is out of play.
9:50 of 3rd period - Ryan Johansen wins face-off versus J.T. Miller in Maple Leafs zone.
10:16 of 3rd period - Off-side.
10:17 of 3rd period - Matthew Beniers wins face-off versus Connor Bedard in neutral zone.
10:22 of 3rd period - Snap shot by Matthew Beniers.
10:22 of 3rd period - Shot Blocked by Alexander Romanov.
10:24 of 3rd period - Snap shot by Ethan Bear.
10:24 of 3rd period - Stopped by Pyotr Kochetkov with a rebound.
10:26 of 3rd period - Snap shot by Matthew Beniers.
10:26 of 3rd period - Shot Misses the Net.
10:44 of 3rd period - Alexander Romanov is hit by Charlie Coyle and loses puck.
10:53 of 3rd period - Snap shot by J.T. Miller.
10:53 of 3rd period - Deflect By Charlie Coyle.
10:53 of 3rd period - Goal by Charlie Coyle - Maple Leafs : 1 - Penguins : 2.
10:54 of 3rd period - J.T. Miller wins face-off versus Linus Karlsson in neutral zone.
10:57 of 3rd period - Slapshot by Cale Makar.
10:57 of 3rd period - Stopped by Pyotr Kochetkov with a rebound.
10:59 of 3rd period - Slapshot by J.T. Miller.
10:59 of 3rd period - Shot Misses the Net.
11:43 of 3rd period - Slapshot by Cam Fowler.
11:43 of 3rd period - Stopped by Jack Campbell without a rebound.
11:44 of 3rd period - Matthew Beniers wins face-off versus Michael McCarron in Penguins zone.
11:49 of 3rd period - Alexander Romanov is hit by Tyler Myers and loses puck.
11:56 of 3rd period - Slapshot by Cam Fowler.
11:56 of 3rd period - Shot Misses the Net.
11:58 of 3rd period - Slapshot by Alexander Romanov.
11:58 of 3rd period - Stopped by Jack Campbell without a rebound.
11:59 of 3rd period - J.T. Miller wins face-off versus Alex Iafallo in Penguins zone.
12:10 of 3rd period - Snap shot by Charlie Coyle.
12:10 of 3rd period - Shot Misses the Net.
12:31 of 3rd period - Wrist shot by Connor Bedard.
12:31 of 3rd period - Shot Misses the Net.
12:33 of 3rd period - Snap shot by Connor Bedard.
12:33 of 3rd period - Shot Blocked by Ethan Bear.
12:39 of 3rd period - Minor Penalty to Lawson Crouse for Hooking.
12:40 of 3rd period - Mikael Granlund wins face-off versus Connor Bedard in Penguins zone.
12:49 of 3rd period - Slapshot by Cale Makar.
12:49 of 3rd period - Deflect By Nikolaj Ehlers.
12:49 of 3rd period - Stopped by Pyotr Kochetkov with a rebound.
13:13 of 3rd period - Slapshot by Ryan Johansen.
13:13 of 3rd period - Stopped by Jack Campbell with a rebound.
13:15 of 3rd period - Snap shot by Ryan Johansen.
13:15 of 3rd period - Deflect By Dmitry Orlov.
13:15 of 3rd period - Shot Blocked by T.J. Oshie.
13:15 of 3rd period - Puck is out of play.
13:16 of 3rd period - T.J. Oshie wins face-off versus Ryan Johansen in Penguins zone.
13:27 of 3rd period - Alexander Romanov is hit by T.J. Oshie and loses puck.
13:34 of 3rd period - T.J. Oshie is hit by Cam Fowler and loses puck.
14:19 of 3rd period - Snap shot by Ryan Johansen.
14:19 of 3rd period - Deflect By Jesper Bratt.
14:19 of 3rd period - Shot Misses the Net.
14:19 of 3rd period - Puck is out of play.
14:20 of 3rd period - Connor Bedard wins face-off versus Mikael Granlund in Penguins zone.
14:27 of 3rd period - Snap shot by Andrei Svechnikov.
14:27 of 3rd period - Shot Misses the Net.
14:33 of 3rd period - Snap shot by Andrei Svechnikov.
14:33 of 3rd period - Shot Hit the Post.
14:35 of 3rd period - Snap shot by Mikhail Sergachev.
14:35 of 3rd period - Deflect By Andrei Svechnikov.
14:35 of 3rd period - Stopped by Jack Campbell with a rebound.
14:39 of 3rd period - Penalty to Lawson Crouse is over, Lawson Crouse is back on ice.
15:11 of 3rd period - Hampus Lindholm is hit by Ethan Bear and loses puck.
15:16 of 3rd period - Wrist shot by Hampus Lindholm.
15:16 of 3rd period - Stopped by Jack Campbell without a rebound.
15:17 of 3rd period - J.T. Miller wins face-off versus Connor Bedard in Penguins zone.
15:19 of 3rd period - Minor Penalty to J.T. Miller for Interference.
15:20 of 3rd period - Connor Bedard wins face-off versus Mikael Granlund in Penguins zone.
15:34 of 3rd period - Slapshot by Connor Bedard.
15:34 of 3rd period - Goal by Connor Bedard - Maple Leafs : 2 - Penguins : 2.
15:35 of 3rd period - Linus Karlsson wins face-off versus T.J. Oshie in neutral zone.
16:08 of 3rd period - Snap shot by Jesper Bratt.
16:08 of 3rd period - Stopped by Jack Campbell with a rebound.
16:14 of 3rd period - T.J. Oshie is hit by Alex Iafallo and loses puck.
16:25 of 3rd period - Snap shot by Mikael Granlund.
16:25 of 3rd period - Stopped by Pyotr Kochetkov with a rebound.
16:27 of 3rd period - Slapshot by Tyler Myers.
16:27 of 3rd period - Shot Misses the Net.
16:29 of 3rd period - Snap shot by Stefan Noesen.
16:29 of 3rd period - Goal by Stefan Noesen - Maple Leafs : 2 - Penguins : 3.
16:30 of 3rd period - J.T. Miller wins face-off versus Linus Karlsson in neutral zone.
17:57 of 3rd period - Slapshot by Hampus Lindholm.
17:57 of 3rd period - Stopped by Jack Campbell with a rebound.
17:59 of 3rd period - Snap shot by Eric Staal.
17:59 of 3rd period - Shot Misses the Net.
18:01 of 3rd period - Wrist shot by Eric Staal.
18:01 of 3rd period - Deflect By Linus Karlsson.
18:01 of 3rd period - Stopped by Jack Campbell with a rebound.
18:35 of 3rd period - Maple Leafs, Pyotr Kochetkov is pulled from the net.
19:19 of 3rd period - Wrist shot by Jesper Bratt.
19:19 of 3rd period - Shot Blocked by Curtis Lazar.
19:21 of 3rd period - Snap shot by Alex Iafallo.
19:21 of 3rd period - Stopped by Jack Campbell without a rebound.
19:22 of 3rd period - Bruce Boudreau call a timeout for Maple Leafs.
19:22 of 3rd period - J.T. Miller wins face-off versus Connor Bedard in Penguins zone.
19:27 of 3rd period - Alex Iafallo is hit by J.T. Miller and loses puck.
19:40 of 3rd period - Wrist shot by Connor Bedard.
19:40 of 3rd period - Stopped by Jack Campbell with a rebound.
19:42 of 3rd period - Snap shot by Jesper Bratt.
19:42 of 3rd period - Stopped by Jack Campbell without a rebound.
19:43 of 3rd period - Connor Bedard wins face-off versus J.T. Miller in Penguins zone.
Goals for this period are 2 for Maple Leafs vs 2 for Penguins.
Shots for this period are 19 for Maple Leafs vs 17 for Penguins.